 Dungeon Crawl Stone Soup version 0.22-a0-247-gbddf880 (webtiles) character file.

13590 wolfsongas the Quickloader (level 12, -16/93 HPs)
             Began as a Gnoll Hunter on Feb 23, 2018.
             Was an Initiate of Gozag.
             Demolished by a frost giant
             ... wielding the +10 broad axe of Diet Blood {freeze, rF+}
              (35 damage)
             ... on level 10 of the Dungeon.
             The game lasted 00:35:10 (15010 turns).

wolfsongas the Quickloader (Gnoll Hunter)          Turns: 15010, Time: 00:35:10

Health: -16/93     AC: 23    Str: 21    XL:     12   Next: 7%
Magic:  22/22      EV: 17    Int: 14    God:    Gozag
Gold:   273        SH:  0    Dex: 24    Spells: 24/24 levels left

rFire    + + .     SeeInvis .   y - +2 demon trident (venom)
rCold    + + .     Gourm    .   (no shield)
rNeg     . . .     Faith    .   w - +3 plate armour {rPois}
rPois    +         Spirit   .   j - +2 hat
rElec    +         Reflect  .   C - +2 cloak {MR+}
rCorr    +         Harm     .   e - +0 pair of gloves
MR       +....                  q - +0 pair of boots
Stlth    +.........             (no amulet)
HPRegen  0.25/turn              h - ring of protection from fire
MPRegen  0.18/turn              (no ring)

@: mighty, agile, resistant
A: distributed training, fangs 1, agile 1, cold resistance 1, poison resistance,
weak 1, strong nose
a: Potion Petition, Call Merchant, Bribe Branch, Renounce Religion


You were on level 10 of the Dungeon.
You worshipped Gozag.
Gozag was aware of your devotion.
You were not hungry.

You visited 2 branches of the dungeon, and saw 12 of its levels.
You also visited: Ossuary.

You collected 2148 gold pieces.
You paid 1875 gold pieces to Gozag.

Inventory:

Hand Weapons
 a - a +0 arbalest
 y - a +2 demon trident of venom (weapon)
Missiles
 v - 17 bolts
Armour
 e - a +0 pair of gloves (worn)
 j - a +2 hat (worn)
 q - a +0 pair of boots (worn)
 u - a +2 large shield of positive energy
 w - a +3 plate armour of poison resistance (worn)
 C - a +2 cloak of magic resistance (worn)
Jewellery
 h - a ring of protection from fire (left hand)
Wands
 g - a wand of polymorph (10)
 k - a wand of flame (19)
 s - a wand of iceblast (20)
 z - a wand of digging (16)
 A - a wand of random effects (51)
Scrolls
 m - a scroll of fog
 n - 2 scrolls of holy word
 t - 6 scrolls of remove curse
 x - 3 scrolls of identify
Potions
 b - a potion of lignification
 c - 2 potions of cancellation
 i - a potion of brilliance
 l - a potion of magic
 o - 3 potions of curing
 p - a potion of ambrosia
 r - a potion of agility
Comestibles
 f - 14 rations


   Skills:
 + Level 8.3 Fighting
 + Level 6.8 Short Blades
 + Level 6.8 Long Blades
 + Level 6.8 Axes
 + Level 6.8 Maces & Flails
 + Level 6.8 Polearms
 + Level 6.8 Staves
 + Level 6.8 Slings
 + Level 6.8 Bows
 + Level 10.8 Crossbows
 + Level 6.8 Throwing
 + Level 6.8 Armour
 + Level 8.3 Dodging
 + Level 7.2 Stealth
 + Level 6.8 Shields
 + Level 6.8 Unarmed Combat
 + Level 6.8 Spellcasting
 + Level 5.6 Conjurations
 + Level 5.6 Hexes
 + Level 5.6 Charms
 + Level 5.6 Summonings
 + Level 5.6 Necromancy
 + Level 5.6 Translocations
 + Level 5.6 Transmutations
 + Level 5.6 Fire Magic
 + Level 5.6 Ice Magic
 + Level 5.6 Air Magic
 + Level 5.6 Earth Magic
 + Level 5.6 Poison Magic
 + Level 7.4 Invocations
 + Level 6.8 Evocations


You had 24 spell levels left.
You didn't know any spells.

Dungeon Overview and Level Annotations

Branches:
Dungeon (11/15)            Temple (1/1) D:4            Lair (0/6) D:9
    Orc: D:9-12

Altars:
Ashenzari
Cheibriados
Dithmenos
Elyvilon
Fedhas
Gozag
Hepliaklqana
Kikubaaqudgha
Makhleb
Nemelex Xobeh
Okawaru
Qazlal
Ru
Sif Muna
Trog
Uskayaw
Vehumet
Wu Jian
Xom
Yredelemnul
Zin
The Shining One
Lugonu

Shops:
D:4 :


Innate Abilities, Weirdness & Mutations

Your experience applies equally to all skills.
You have very sharp teeth.
Your uncanny sense of smell can sniff out nearby items.
You are agile. (Dex +2)
Your flesh is cold resistant. (rC+)
Your system is resistant to poisons. (rPois)
You are weak. (Str -2)


Message History

You bite the frost giant!
The frost giant is heavily wounded.
The frost giant casts a spell at you. The bolt of cold hits you! You resist.
You impale the frost giant!!
The frost giant is severely wounded.
The frost giant points at you and mumbles some strange words.
The bolt of cold hits you! You resist.
Your plate armour prevents you from hitting the frost giant.
Your bite misses the frost giant.
The frost giant is severely wounded.
The frost giant casts a spell at you. The bolt of cold hits you! You resist.
* * * LOW HITPOINT WARNING * * *
You puncture the frost giant!
The frost giant looks as sick as possible!
The frost giant is almost dead.
The frost giant hits you with the broad axe of Diet Blood {freeze}!!
You die...
Your body crumbles into a pile of gold.

# #.##...###.####.#####.......###
###.#.....##.####.# ##..##.##..##
....##.>.###......###..#.....#..#
######..## #########.C.#.#.#.#...
# #..# #........⌠...... ######..#
###.#...#.#.#.#... ........##
#...##..#.....#..# ######...##
#.#.###..##.##..## ##.....##
#@#.# ##.......### ##.......##
##C..#####.....###.
###.........###.......###...###..
..'.........'...>....[.###.###...
###.........###....#####.........
# ##.......## #.#.## #####.##.# #
##.....## #.### #.#### # ##...##
#.# #.# # ##'## #.# ###.####


You could see a frost giant.

Vanquished Creatures
  A two-headed ogre (D:11)
  Urug (D:10)
  A death drake (shapeshifter) (D:9)
  Pikel (D:5)
  2 ugly things (D:11)
  The ghost of wolfsongas the Quickloader, a novice GnHu of Gozag (D:7)
  Joseph (D:9)
  Psyche (D:10)
  A gargoyle (D:9)
  A komodo dragon (D:9)
  2 rime drakes
  A troll (D:10)
  Prince Ribbit (D:7)
  4 hippogriffs
  7 yaks (D:11)
  2 wyverns
  2 humans (D:8)
  2 water moccasins
  Duvessa (D:5)
  4 orc warriors
  3 slaves (D:4)
  3 ice beasts (D:10)
  A black bear (D:9)
  2 sky beasts
  2 phantoms
  An ogre (D:4)
  10 centaurs
  2 bullfrogs
  A gnoll sergeant (D:10)
  Dowan (D:5)
  A scorpion (D:7)
  10 killer bees
  11 wights
  A howler monkey (D:10)
  4 crimson imps
  3 centaur zombies
  4 jellies
  A bullfrog skeleton (D:6)
  2 bullfrog zombies
  6 hounds
  6 orc priests
  4 centaur skeletons
  13 orc wizards
  2 iguanas (D:4)
  11 worker ants
  A killer bee zombie (D:9)
  3 big kobold zombies (Ossuary)
  5 mummies
  11 gnolls
  10 adders
  A shadow imp (D:10)
  An adder zombie (D:9)
  4 dart slugs
  4 worms
  4 leopard geckos
  34 orcs
  2 ball pythons
  4 giant cockroaches
  5 goblins
  7 hobgoblins
  2 jackals (D:6)
  7 quokkas
  7 bats
  2 frilled lizards
  2 hobgoblin zombies (Ossuary)
  7 kobolds
  A kobold zombie (D:8)
  An orc zombie (D:8)
  2 quokka skeletons
  7 rats
276 creatures vanquished.

Vanquished Creatures (others)
  A jelly (D:5)
  An orc (D:5)
  6 plants (D:9)
8 creatures vanquished.

Grand Total: 284 creatures vanquished

Notes
Turn   | Place    | Note
-------+----------+-------------------------------------------
     0 | D:1      | wolfsongas the Gnoll Hunter began the quest for the Orb.
     0 | D:1      | Reached XP level 1. HP: 20/20 MP: 1/1
    58 | D:1      | Reached XP level 2. HP: 26/26 MP: 2/2
   356 | D:1      | Reached XP level 3. HP: 31/31 MP: 3/3
   532 | D:2      | Found a hazy altar of Hepliaklqana.
   607 | D:2      | Found a sacrificial altar of Ru.
   759 | D:2      | Reached skill level 1 in Invocations
   829 | D:2      | Found a burning altar of Makhleb.
  1014 | D:3      | Reached skill level 1 in Short Blades
  1014 | D:3      | Reached skill level 1 in Long Blades
  1014 | D:3      | Reached skill level 1 in Axes
  1014 | D:3      | Reached skill level 1 in Maces & Flails
  1014 | D:3      | Reached skill level 1 in Polearms
  1014 | D:3      | Reached skill level 1 in Staves
  1014 | D:3      | Reached skill level 1 in Slings
  1014 | D:3      | Reached skill level 1 in Bows
  1014 | D:3      | Reached skill level 1 in Throwing
  1014 | D:3      | Reached skill level 1 in Armour
  1014 | D:3      | Reached skill level 1 in Shields
  1014 | D:3      | Reached skill level 1 in Unarmed Combat
  1014 | D:3      | Reached skill level 1 in Spellcasting
  1014 | D:3      | Reached skill level 1 in Evocations
  1040 | D:3      | Reached XP level 4. HP: 38/38 MP: 5/5
  1226 | D:3      | Found a glowing golden altar of the Shining One.
  1226 | D:3      | Found a white marble altar of Elyvilon.
  1227 | D:3      | Found a glowing silver altar of Zin.
  1629 | D:3      | Reached skill level 1 in Conjurations
  1629 | D:3      | Reached skill level 1 in Hexes
  1629 | D:3      | Reached skill level 1 in Charms
  1629 | D:3      | Reached skill level 1 in Summonings
  1629 | D:3      | Reached skill level 1 in Necromancy
  1629 | D:3      | Reached skill level 1 in Translocations
  1629 | D:3      | Reached skill level 1 in Transmutations
  1629 | D:3      | Reached skill level 1 in Fire Magic
  1629 | D:3      | Reached skill level 1 in Ice Magic
  1629 | D:3      | Reached skill level 1 in Air Magic
  1629 | D:3      | Reached skill level 1 in Earth Magic
  1629 | D:3      | Reached skill level 1 in Poison Magic
  1739 | D:3      | Reached XP level 5. HP: 43/43 MP: 6/6
  1817 | D:4      | Found Qezi's Book Shop.
  1967 | D:4      | Reached XP level 6. HP: 50/50 MP: 8/8
  1978 | D:4      | Found a snail-covered altar of Cheibriados.
  2231 | D:4      | Found a staircase to the Ecumenical Temple.
  2240 | Temple   | Entered the Ecumenical Temple
  2294 | D:4      | Reached skill level 5 in Fighting
  2294 | D:4      | Reached skill level 5 in Dodging
  2326 | D:4      | Reached XP level 7. HP: 56/56 MP: 10/10
  2675 | D:4      | Found a sparkling altar of Nemelex Xobeh.
  2675 | D:4      | Found an opulent altar of Gozag.
  2694 | D:4      | Became a worshipper of Gozag Ym Sagoz the Greedy
  2832 | D:5      | Entered Level 5 of the Dungeon
  2862 | D:5      | Found a hide-covered altar of Uskayaw.
  2957 | D:5      | Reached skill level 9 in Crossbows
  2969 | D:5      | Reached XP level 8. HP: 51/63 MP: 10/12
  3012 | D:5      | Noticed Duvessa
  3012 | D:5      | Noticed Dowan
  3064 | D:5      | Killed Duvessa
  3068 | D:5      | Killed Dowan
  3105 | D:4      | Gained mutation: Your spells are a little harder to cast, but a little more powerful. [potion of mutation]
  3105 | D:4      | Gained mutation: You are agile. (Dex +2) [potion of mutation]
  3105 | D:4      | Gained mutation: You have a pair of small antennae on your head. [potion of mutation]
  3106 | D:4      | Lost mutation: You are agile. (Dex +2) [potion of mutation]
  3106 | D:4      | Lost mutation: Your spells are a little harder to cast, but a little more powerful. [potion of mutation]
  3106 | D:4      | Lost mutation: You have a pair of small antennae on your head. [potion of mutation]
  3106 | D:4      | Gained mutation: You are agile. (Dex +2) [potion of mutation]
  3106 | D:4      | Gained mutation: Your flesh is cold resistant. (rC+) [potion of mutation]
  3106 | D:4      | Gained mutation: You are weak. (Str -2) [potion of mutation]
  3106 | D:4      | Gained mutation: Your system is resistant to poisons. (rPois) [potion of mutation]
  3321 | D:5      | Noticed Pikel
  3365 | D:5      | Killed Pikel
  4000 | D:5      | Reached XP level 9. HP: 53/69 MP: 14/14
  5054 | D:6      | Found a shadowy altar of Dithmenos.
  5835 | D:7      | Noticed Prince Ribbit
  5852 | D:7      | Killed Prince Ribbit
  5852 | D:7      | Reached skill level 5 in Stealth
  6069 | D:7      | Noticed wolfsongas's ghost (novice GnHu)
  6080 | D:7      | Killed wolfsongas's ghost
  6080 | D:7      | Reached skill level 5 in Invocations
  6162 | D:7      | Reached XP level 10. HP: 9/77 MP: 15/17
  7265 | D:8      | Found an iron altar of Okawaru.
  7344 | D:8      | Found a sand-covered staircase.
  7359 | Ossuary  | Entered an ossuary
  7360 | Ossuary  | Reached skill level 5 in Short Blades
  7360 | Ossuary  | Reached skill level 5 in Long Blades
  7360 | Ossuary  | Reached skill level 5 in Axes
  7360 | Ossuary  | Reached skill level 5 in Maces & Flails
  7360 | Ossuary  | Reached skill level 5 in Polearms
  7360 | Ossuary  | Reached skill level 5 in Staves
  7360 | Ossuary  | Reached skill level 5 in Slings
  7360 | Ossuary  | Reached skill level 5 in Bows
  7360 | Ossuary  | Reached skill level 5 in Throwing
  7360 | Ossuary  | Reached skill level 5 in Armour
  7360 | Ossuary  | Reached skill level 5 in Shields
  7360 | Ossuary  | Reached skill level 5 in Unarmed Combat
  7360 | Ossuary  | Reached skill level 5 in Spellcasting
  7360 | Ossuary  | Reached skill level 5 in Evocations
  8265 | D:8      | Reached skill level 10 in Crossbows
  8623 | D:8      | Found a radiant altar of Vehumet.
  8625 | D:8      | Found an ancient bone altar of Kikubaaqudgha.
  8626 | D:8      | Found a deep blue altar of Sif Muna.
  8632 | D:8      | Identified Sif Muna's Tome of Enhancements
  9766 | D:9      | Found a staircase to the Lair.
  9868 | D:9      | Noticed Joseph
 10077 | D:9      | Noticed a death drake
 10081 | D:9      | Killed Joseph
 10094 | D:9      | Killed a death drake
 10094 | D:9      | Reached XP level 11. HP: 83/83 MP: 19/19
 10604 | D:9      | Got a pitted ring mail
 10615 | D:9      | Identified the cursed +0 ring mail of the Centipede {rC- Str+5} (You found it on level 9 of the Dungeon)
 10905 | D:9      | Found a glowing golden altar of the Shining One.
 12015 | D:10     | Entered Level 10 of the Dungeon
 12093 | D:10     | Noticed Urug
 12133 | D:10     | Killed Urug
 12133 | D:10     | Reached skill level 5 in Conjurations
 12133 | D:10     | Reached skill level 5 in Hexes
 12133 | D:10     | Reached skill level 5 in Charms
 12133 | D:10     | Reached skill level 5 in Summonings
 12133 | D:10     | Reached skill level 5 in Necromancy
 12133 | D:10     | Reached skill level 5 in Translocations
 12133 | D:10     | Reached skill level 5 in Transmutations
 12133 | D:10     | Reached skill level 5 in Fire Magic
 12133 | D:10     | Reached skill level 5 in Ice Magic
 12133 | D:10     | Reached skill level 5 in Air Magic
 12133 | D:10     | Reached skill level 5 in Earth Magic
 12133 | D:10     | Reached skill level 5 in Poison Magic
 12197 | D:10     | Noticed a frost giant
 13410 | D:10     | Noticed Psyche
 13418 | D:10     | Killed Psyche
 13634 | D:11     | Noticed a white ugly thing
 13651 | D:11     | Killed a white ugly thing
 13816 | D:11     | Noticed a red ugly thing
 13854 | D:11     | Killed a red ugly thing
 14433 | D:11     | Got a faintly glowing shortbow
 14450 | D:11     | Identified the cursed +3 shortbow of Yesterday {velocity, rC+ Dex+3} (You found it on level 11 of the Dungeon)
 14504 | D:11     | Noticed a two-headed ogre
 14513 | D:11     | Killed a two-headed ogre
 14601 | D:11     | Reached XP level 12. HP: 84/93 MP: 22/22
 15010 | D:10     | Identified the +10 broad axe of Diet Blood {freeze, rF+}
 15010 | D:10     | Demolished by a frost giant

Vault maps used:
D:1:      saegor_arrival_simple_a, serial_forest, infiniplex_forest_diagonal,
          infiniplex_forest_lined_4_way, infiniplex_forest_end_2,
          infiniplex_forest_clump_diagonal, infiniplex_forest_zigzag_2,
          infiniplex_forest_lined_ring, infiniplex_forest_clump_double,
          hangedman_feature_mirror, st_stairs_14
D:2:      nicolae_overflow_crystal_walls, lemuel_crystal_altar,
          nicolae_ru_path_of_blood, first_ration
D:3:      good_gods_temple_1
D:4:      grunt_temple_overflow_opulence, kennysheep_mini_moat,
          temple_fountains, serial_shops, shop
D:5:      eat_drink_and_be_merry_uskayaw, uniq_pikel, uniq_duvessa
D:6:      kennysheep_little_box, centaur_isle
D:7:      uniq_prince_ribbit1
D:8:      grunt_temple_overflow_magic_moments, okawaru_humans,
          nicolae_ossuary_entry_giza
D:9:      david_lair_shrubbed, tso_metal_star, uniq_joseph
D:10:     minmay_coctagon, uniq_psyche, uniq_urug
Temple:   corrupted_temple
Ossuary:  ossuary_the_hunt_dpeg

Skill      XL: |  1  2  3  4  5  6  7  8  9 10 11 |
---------------+----------------------------------+-----
Invocations    | 1 2 3 4 5 6 7 |  7.4
Short Blades   | 1 2 3 4 5 6 |  6.8
Long Blades    | 1 2 3 4 5 6 |  6.8
Axes           | 1 2 3 4 5 6 |  6.8
Maces & Flails | 1 2 3 4 5 6 |  6.8
Polearms       | 1 2 3 4 5 6 |  6.8
Staves         | 1 2 3 4 5 6 |  6.8
Slings         | 1 2 3 4 5 6 |  6.8
Bows           | 1 2 3 4 5 6 |  6.8
Throwing       | 1 2 3 4 5 6 |  6.8
Armour         | 1 2 3 4 5 6 |  6.8
Shields        | 1 2 3 4 5 6 |  6.8
Unarmed Combat | 1 2 3 4 5 6 |  6.8
Spellcasting   | 1 2 3 4 5 6 |  6.8
Evocations     | 1 2 3 4 5 6 |  6.8
Conjurations   | 1 2 3 4 5 |  5.6
Hexes          | 1 2 3 4 5 |  5.6
Charms         | 1 2 3 4 5 |  5.6
Summonings     | 1 2 3 4 5 |  5.6
Necromancy     | 1 2 3 4 5 |  5.6
Translocations | 1 2 3 4 5 |  5.6
Transmutations | 1 2 3 4 5 |  5.6
Fire Magic     | 1 2 3 4 5 |  5.6
Ice Magic      | 1 2 3 4 5 |  5.6
Air Magic      | 1 2 3 4 5 |  5.6
Earth Magic    | 1 2 3 4 5 |  5.6
Poison Magic   | 1 2 3 4 5 |  5.6
Stealth        | 3 4 5 6 7 |  7.2
Fighting       | 5 6 7 8 |  8.3
Dodging        | 5 6 7 8 |  8.3
Crossbows      | 9 10 | 10.8

Action                   |  1- 3 |  4- 6 |  7- 9 | 10-12 || total
-------------------------+-------+-------+-------+-------++-------
Melee: Short sword       |       |    10 |    96 |    26 ||   132
       Bite              |       |     1 |    40 |    93 ||   134
       Falchion          |       |       |   177 |   261 ||   438
       Punch             |       |       |     7 |    13 ||    20
       Unarmed           |       |       |     1 |    73 ||    74
       Demon trident     |       |       |       |   237 ||   237
 Fire: Hand crossbow     |    78 |    87 |   172 |   123 ||   460
       Arbalest          |       |       |       |   108 ||   108
Invok: Potion Petition   |       |       |     1 |     3 ||     4
Evoke: Wand              |       |       |       |     2 ||     2
  Use: Scroll            |     7 |     1 |    10 |    15 ||    33
       Potion            |     1 |       |    11 |    10 ||    22
 Stab: Invisible         |       |       |     4 |       ||     4
       Distracted        |       |       |     2 |     4 ||     6
  Eat: Chunk             |       |     4 |     2 |       ||     6
       Ration            |       |       |     3 |    10 ||    13
Armor: Chain mail        |     2 |    26 |   222 |    54 ||   304
       Skin              |       |       |    29 |   183 ||   212
       Plate armour      |       |       |       |   354 ||   354
Dodge: Dodged            |     3 |    15 |   177 |   220 ||   415
Block: Large shield      |       |       |       |    49 ||    49
       Rpst.: Falchion   |       |       |    23 |    28 ||    51

Table legend:
 A = Spawn XP
 B = Non-spawn XP
 C = Spawn XP percentage of total XP
 D = Spawn monster count
 E = Non-spawn monster count
 F = Spawn count percentage of total count
 G = Total turns spent on level
                    A         B        C        D         E        F      G
               +---------+---------+-------+---------+---------+-------+---------
         Total |       0 |   19415 |   0.0 |       0 |     273 |   0.0 | 15010
               +---------+---------+-------+---------+---------+-------+---------
           D:1 |       0 |      38 |   0.0 |       0 |      21 |   0.0 |   521
           D:2 |       0 |      35 |   0.0 |       0 |      11 |   0.0 |   475
           D:3 |       0 |     193 |   0.0 |       0 |      25 |   0.0 |   807
           D:4 |       0 |     470 |   0.0 |       0 |      21 |   0.0 |  1211
           D:5 |       0 |    1779 |   0.0 |       0 |      36 |   0.0 |  1315
           D:6 |       0 |     960 |   0.0 |       0 |      20 |   0.0 |  1704
           D:7 |       0 |    2017 |   0.0 |       0 |      24 |   0.0 |  1333
           D:8 |       0 |    1350 |   0.0 |       0 |      23 |   0.0 |  1660
           D:9 |       0 |    3805 |   0.0 |       0 |      29 |   0.0 |  2920
          D:10 |       0 |    3977 |   0.0 |       0 |      32 |   0.0 |  1324
          D:11 |       0 |    4542 |   0.0 |       0 |      20 |   0.0 |  1451
       Ossuary |       0 |     249 |   0.0 |       0 |      11 |   0.0 |   248
               +---------+---------+-------+---------+---------+-------+---------
